 Dungeon Crawl Stone Soup version 0.24.0-125-gc4c63601f3 (webtiles) character file.

Game seed: 13132178030798286085, levelgen mode: deterministic

81 Mesmaeker13 the Slasher (level 4, -1/35 HPs)
             Began as a Demonspawn Gladiator on Feb 28, 2020.
             Killed from afar by an orc wizard (3 damage)
             ... with a magic dart
             ... on level 3 of the Dungeon.
             The game lasted 00:03:02 (1986 turns).

Mesmaeker13 the Slasher (Demonspawn Gladiator)      Turns: 1986, Time: 00:03:03

Health: -1/35      AC:  5    Str: 16    XL:     4   Next: 19%
Magic:  4/4        EV: 13    Int:  9    God:
Gold:   91         SH:  4    Dex: 14    Spells: 3/3 levels left

rFire    . . .     SeeInvis .   a - +0 long sword
rCold    + . .     Gourm    .   (no shield)
rNeg     . . .     Faith    .   k - +0 leather armour (curse)
rPois    .         Spirit   .   c - +0 helmet
rElec    .         Reflect  .   (no cloak)
rCorr    .         Harm     .   i - +0 pair of gloves
MR       +....                  (no boots)
Stlth    +.........             (no amulet)
HPRegen  0.11/turn              e - ring of protection from magic (curse)
MPRegen  0.09/turn              (no ring)

@: no status effects
A: large bone plates 1, cold resistance 1
a: no special abilities


You were on level 3 of the Dungeon.
You were not hungry.

You visited 1 branch of the dungeon, and saw 3 of its levels.

You collected 91 gold pieces.

Inventory:

Hand Weapons
 a - a +0 long sword (weapon)
Armour
 c - a +0 helmet (worn)
 i - a +0 pair of gloves (worn)
 k - a cursed +0 leather armour (worn)
Jewellery
 e - a cursed ring of protection from magic (left hand)
Scrolls
 d - a scroll of amnesia {unknown}
 j - a scroll of remove curse {unknown}
 l - a scroll of teleportation
Comestibles
 f - 4 rations
 g - 6 chunks of flesh


   Skills:
 + Level 3.0 Fighting
 + Level 3.4 Long Blades
 - Level 1.7 Throwing
 + Level 3.4 Dodging


You had 3 spell levels left.
You didn't know any spells.
Your spell library was empty.

Dungeon Overview and Level Annotations

Branches:
Dungeon (3/15)

Altars:

Annotations:
D:2 Terence


Innate Abilities, Weirdness & Mutations

You are partially covered in large bone plates. (SH +4)
Your flesh is cold resistant. (rC+)


Message History

You barely miss the orc wizard.
The orc wizard is almost dead.
The orc wizard hits you but does no damage.
The orc wizard hits you with a +0 dagger.
* * * LOW HITPOINT WARNING * * *
Okay, then.
You completely miss the orc wizard.
The orc wizard is almost dead.
The orc wizard hits you with a +0 dagger.
* * * LOW HITPOINT WARNING * * *
The orc wizard misses you.
It was a potion of flight.
You feel very buoyant.
You fly up into the air.
The orc wizard completely misses you.
It was a potion of cancellation.
Your magical effects are unravelling.
You feel magically purged.
You float gracefully downwards.
The orc wizard points at you and mumbles some strange words.
The magic dart hits you.
You die...

#.# ############.####
................#
#'#######'####..#####
##.....###......
##.....####.####.
##.....###.#......
##.....###..#..###.
#.@(..###...'..# #.
#####o####....#.## #รท
##.#.....#.....#.####.
##..#.....#....##......
##...o.....'...###.#####
##...)#.....#..####.# #
#.....#.....#.###.#.# ##
#....####[######..#.# ##.
..'...###.....###...'.###..


You could see an orc wizard.

Vanquished Creatures
  A gnoll (D:1)
  2 worms (D:3)
  A leopard gecko (D:3)
  7 orcs (D:3)
  A ball python (D:1)
  5 bats
  2 giant cockroaches
  6 goblins
  8 hobgoblins
  2 jackals (D:3)
  6 kobolds
  5 frilled lizards
  6 rats
52 creatures vanquished.

Notes
Turn   | Place    | Note
-------+----------+-------------------------------------------
     0 | D:1      | Mesmaeker13 the Demonspawn Gladiator began the quest for
                  | the Orb.
     0 | D:1      | Reached XP level 1. HP: 16/16 MP: 1/1
    45 | D:1      | Gained mutation: You are partially covered in large bone
                  | plates. (SH +4) [demonic ancestry]
    45 | D:1      | Reached XP level 2. HP: 18/23 MP: 2/2
   421 | D:1      | Gained mutation: Your flesh is cold resistant. (rC+)
                  | [demonic ancestry]
   421 | D:1      | Reached XP level 3. HP: 27/28 MP: 3/3
  1064 | D:2      | Noticed Terence
  1787 | D:3      | Reached XP level 4. HP: 33/34 MP: 4/4
  1984 | D:3      | HP: 1/35 [orc wizard/+0 dagger (3)]
  1986 | D:3      | Killed from afar by an orc wizard

Levels and vault maps discovered:
D:1:      psy_arrival_spokes, layout_basic, serial_forest,
          infiniplex_forest_pool, infiniplex_forest_straight_3,
          infiniplex_forest_lined_room_, infiniplex_forest_lined_2,
          infiniplex_forest_lined_3, infiniplex_forest_corner_2,
          minmay_split_cup_small
D:2:      layout_loops_cross, chequers_temple_overflow_minitemple, uniq_terence
D:3:      layout_loops_corners, lemuel_doored_altar, minmay_quadrilaterals

Skill      XL: |  1  2  3  4 |
---------------+-------------+-----
Long Blades    | 3 |  3.4
Dodging        | 3 |  3.4
Fighting       | 3 |  3.0
Throwing       | |  1.7

Action                   |  1- 3 |  4- 6 || total
-------------------------+-------+-------++-------
Melee: Long sword        |   128 |    30 ||   158
Throw: Throwing net      |     3 |       ||     3
  Use: Scroll            |     4 |       ||     4
       Potion            |       |     2 ||     2
 Stab: Held in net/web   |     2 |       ||     2
       Distracted        |       |     1 ||     1
  Eat: Chunk             |     3 |     1 ||     4
Armor: Leather armour    |    26 |    11 ||    37
Dodge: Dodged            |    82 |    22 ||   104
Block: Other             |    28 |     1 ||    29
       Rpst.: Long sword |    22 |     8 ||    30
